 Dungeon Crawl Stone Soup version 0.30-a0-585-g93115170b9 (webtiles) character file.

Game seed: 10860321479375173557

128 wormed the Slasher (level 5, -4/42 HPs)
             Began as a Merfolk Monk on Jan 2, 2023.
             Slain by Grinder (6 damage)
             ... while paralysed by Grinder
             ... on level 3 of the Dungeon.
             The game lasted 00:02:55 (1852 turns).

wormed the Slasher (Merfolk Monk)                   Turns: 1852, Time: 00:02:56

Health: -4/42      AC:  4    Str: 11    XL:     5   Next: 11%
Magic:  5/5        EV:  2    Int:  9    God:
Gold:   80         SH:  0    Dex: 19    Spells: 4/4 levels left

rFire   + . .      SeeInvis .    n - +1 dagger (speed)
rCold   + . .      Faith    .    (no shield)
rNeg    . . .      Spirit   .    b - +0 robe
rPois   .          Reflect  .    i - +0 helmet
rElec   .          Harm     .    (no cloak)
rCorr   .          Rampage  .    (no gloves)
Will    .....                    x - +0 pair of boots
Stlth   ++                       (no amulet)
HPRegen 0.27/turn                k - ring of protection from cold
MPRegen 0.09/turn                w - ring of protection from fire

@: paralysed
A: (nimble swimmer 2), mertail
a: no special abilities


You were on level 3 of the Dungeon.
You visited 1 branch of the dungeon, and saw 3 of its levels.

You collected 80 gold pieces.

Inventory:

Hand Weapons
 a - a +0 falchion
 n - a +1 dagger of speed (weapon)
Armour
 b - a +0 robe (worn)
 i - a +0 helmet (worn)
 x - a +0 pair of boots (worn)
Jewellery
 k - a ring of protection from cold (left hand)
 w - a ring of protection from fire (right hand)
Wands
 q - a wand of flame (14) (quivered)
Scrolls
 c - a scroll of amnesia {unknown}
 d - a scroll of noise {unknown}
 g - a scroll of vulnerability {unknown}
 h - a scroll of poison {unknown}
 l - a scroll of immolation {unknown}
 o - a scroll of torment {unknown}
 p - a scroll of teleportation {unknown}
 r - a scroll of enchant weapon {unknown}
 s - a scroll of fog {unknown}
 u - a scroll of magic mapping
 v - a scroll of enchant armour {unknown}
Potions
 e - a potion of flight {unknown}
 f - a potion of haste {unknown}
 j - a potion of lignification {unknown}
 m - 3 potions of curing {unknown}
 t - 2 potions of attraction {unknown}
 z - a potion of degeneration {unknown}


   Skills:
 + Level 4.1 Fighting
 * Level 5.4 Long Blades
 + Level 5.1 Dodging
 - Level 2.1 Stealth


You had 4 spell levels left.
You didn't know any spells.
Your spell library was empty.

Dungeon Overview and Level Annotations

Branches:
Dungeon (3/15)

Altars:
Hepliaklqana

Annotations:
D:3 Grinder


Innate Abilities, Weirdness & Mutations

((You are very nimble when in or above water. (Stealth+, EV+, Speed+++)))
Your lower body shifts to a powerful aquatic tail in water.


Message History

No target in view!
A rat comes into view.
You barely miss Grinder. Grinder hits you!
You writhe in agony.
You hit Grinder.
Grinder is lightly wounded.
You hit the rat.
The rat is severely wounded.
Grinder closely misses you. The rat bites you.
You hit the rat.
You kill the rat!
Aiming: Throw Flame
Press: ? - help, Q - select action Shift-Dir - straight line, f - Grinder
Aim: Grinder (lightly wounded, 64% to hit)
The puff of flame hits Grinder.
Grinder is lightly wounded.
Grinder hits you!
You writhe in agony.
Aiming: Throw Flame
Press: ? - help, Q - select action Shift-Dir - straight line, f/p - Grinder
Aim: Grinder (lightly wounded, 64% to hit)
The puff of flame hits Grinder.
Grinder is moderately wounded.
Grinder hits you.
* * * LOW HITPOINT WARNING * * *
You writhe in agony.
* * * LOW HITPOINT WARNING * * *
Aiming: Throw Flame
Press: ? - help, Q - select action Shift-Dir - straight line, f/p - Grinder
Aim: Grinder (moderately wounded, 64% to hit)
The puff of flame misses Grinder.
Grinder hits you.
* * * LOW HITPOINT WARNING * * *
You writhe in agony.
* * * LOW HITPOINT WARNING * * *
As you read the scroll labelled MAYQAI LOMPE, it crumbles to dust.
You feel aware of your surroundings.
It was a scroll of magic mapping.
Grinder gestures at you.
You suddenly lose the ability to move!
Grinder barely misses you. Grinder hits you.
You die...

*,,,* *,,,,,,,#..........
*,*** #.#.....#..........
*,*####.#.#...#.#########
*,*#....#.....#.# *******
*,*#....#...#.#.# *,,,,,,
*,*#....#...#.#.# *,,,,,,
*,*#....#...#.#.###,,,,,,
*,*#...5#.....#.#.+,,,,,,
*<*#...†@..!..#.#.#,,,,,,
*****#.##.#.....#.#.#****+*
*,^,,*,#..#.....#.#.#####.#
*,**,*....................#
*,**,#..#.#.#.(##.#.#######
*,**,#..#.#.......<...,,,,,
*,**,#.,#.....#.#######****
*,*,,..,.........,,,,,,,,,,
*,*,,*,,###...#.##*********


You could see Grinder.

Vanquished Creatures
  Terence (D:3)
  Robin (D:2)
  3 adders
  A worm (D:2)
  5 bats
  5 endoplasms
  2 giant cockroaches (D:2)
  7 goblins
  5 hobgoblins
  5 jackals
  2 kobolds
  2 quokkas
  7 ball pythons
  5 frilled lizards
  4 rats
55 creatures vanquished.

Vanquished Creatures (others)
  3 goblins (D:2)
  2 plants (D:2)
5 creatures vanquished.

Grand Total: 60 creatures vanquished

Notes
Turn   | Place    | Note
-------+----------+-------------------------------------------
     0 | D:1      | wormed the Merfolk Monk began the quest for the Orb.
     0 | D:1      | Reached XP level 1. HP: 18/18 MP: 1/1
   101 | D:1      | Reached XP level 2. HP: 24/24 MP: 2/2
   707 | D:2      | Reached XP level 3. HP: 29/29 MP: 3/3
   720 | D:2      | Noticed Robin
   918 | D:2      | Killed Robin
  1096 | D:2      | Found a hazy altar of Hepliaklqana.
  1101 | D:2      | Reached XP level 4. HP: 37/37 MP: 4/4
  1306 | D:2      | Reached skill level 5 in Long Blades
  1707 | D:3      | Noticed Terence
  1748 | D:3      | Killed Terence
  1749 | D:3      | Reached skill level 5 in Dodging
  1749 | D:3      | Reached XP level 5. HP: 27/42 MP: 5/5
  1837 | D:3      | Noticed Grinder
  1849 | D:3      | HP: 2/42 [Grinder (3)]
  1850 | D:3      | Paralysed by Grinder for 5 turns
  1852 | D:3      | Slain by Grinder

Illustrated notes

Levels and vault maps discovered:
D:1:      matt_arrival_diagonals, layout_loops_ring
D:2:      layout_basic, basic_altar, serial_forest,
          infiniplex_forest_clump_curved, infiniplex_forest_clump_small,
          infiniplex_forest_corner_2, infiniplex_forest_straight_1,
          infiniplex_forest_end_1, infiniplex_forest_straight_2,
          chequers_garden, uniq_robin
D:3:      layout_basic, uniq_terence, uniq_grinder

Skill      XL: |  1  2  3  4 |
---------------+-------------+-----
Long Blades    | 4 5 |  5.4
Fighting       | 4 |  4.1
Dodging        | 5 |  5.1
Stealth        | |  2.1

Action                   |  1- 3 |  4- 6 || total
-------------------------+-------+-------++-------
Melee: Falchion          |    78 |       ||    78
       Punch             |     1 |     2 ||     3
       Dagger            |    11 |   119 ||   130
Evoke: Wand              |       |     5 ||     5
  Use: Potion            |       |     1 ||     1
       Scroll            |       |     1 ||     1
 Stab: Sleeping          |     6 |       ||     6
Armor: Robe              |    20 |     7 ||    27
Dodge: Dodged            |    74 |    55 ||   129

Table legend: (Time is in decaauts)
 A = Elapsed time spent in this place.
 B = Non-inter-level travel time spent in this place.
 C = Inter-level travel time spent in this place.
 D = Time resting spent in this place.
 E = Time spent auto-exploring this place.
 F = Levels seen in this place.
 G = Mean time per level.
                   A        B        C        D        E       F      G
               +--------+--------+--------+--------+--------+-----+--------+
         Total |   1794 |   1720 |     74 |      0 |   1318 |   3 |  598.0 |
       Dungeon |   1794 |   1720 |     74 |      0 |   1318 |   3 |  598.0 |
               +--------+--------+--------+--------+--------+-----+--------+

Top non-repeatable levels by time:
     D:1: 806 daAuts
     D:2: 720 daAuts
     D:3: 267 daAuts
